 Dungeon Crawl Stone Soup version 0.24.0-123-gd5b16e6ec5 (webtiles) character file.

Game seed: 2804302835902265666, levelgen mode: deterministic

96923 Inkhe the Markscentaur (level 15, -9/135 HPs)
             Began as a Centaur Hunter on Feb 8, 2020.
             Was the Champion of Okawaru.
             Killed from afar by a thorn hunter (22 damage)
             ... with a volley of thorns
             ... on level 2 of the Swamp.
             The game lasted 02:07:28 (32453 turns).

Inkhe the Markscentaur (Centaur Hunter)            Turns: 32453, Time: 02:07:28

Health: -9/135     AC: 14    Str: 20    XL:     15   Next: 70%
Magic:  33/35      EV: 10    Int: 10    God:    Okawaru [******]
Gold:   1330       SH:  0    Dex: 20    Spells: 19/26 levels left

rFire    + . .     SeeInvis .   a - +9 longbow (flame)
rCold    . . .     Gourm    .   (shield currently unavailable)
rNeg     . . .     Faith    .   c - +1 leather armour {rF+}
rPois    +         Spirit   .   j - +1 hat {MR+}
rElec    .         Reflect  .   t - +1 cloak {rPois}
rCorr    .         Harm     .   (no gloves)
MR       ++...                  P - +0 centaur barding of the Endless Expanse {MR- Regen+ Str-3 Dex+10}
Stlth    +.........             I - amulet of the acrobat
HPRegen  0.72/turn              W - ring of protection from magic
MPRegen  0.24/turn              S - ring of magical power

@: very slightly contaminated, very quick
A: large, beak, hooves 3, horns 1, deformed body, speed 2, high mp 1, poison
resistance, strong 1, tough skin 3, MP-powered wands
a: Heroism, Finesse, Renounce Religion


You were on level 2 of the Swamp.
You worshipped Okawaru.
Okawaru was exalted by your worship.
You were not hungry.

You visited 4 branches of the dungeon, and saw 21 of its levels.

You collected 2069 gold pieces.
You spent 739 gold pieces at shops.

Inventory:

Hand Weapons
 a - a +9 longbow of flaming (weapon)
 b - the +8 hand axe of Victory {freeze, MP+9 Int+4 Dex+5}
   (You found it on level 4 of the Dungeon)

   It has been specially enchanted to freeze those struck by it, causing extra
   injury to most foes and up to half again as much damage against particularly
   susceptible opponents.
   It can also slow down cold-blooded creatures.
   It affects your intelligence (+4).
   It affects your dexterity (+5).
   It affects your magic capacity (+9).
 m - the +5 quarterstaff "Sosusen" {crush, rElec rF+ Int+3}
   (You bought it in a shop on level 2 of the Orcish Mines)

   It inflicts extra damage upon your enemies.
   It affects your intelligence (+3).
   It protects you from fire.
   It insulates you from electricity.
Missiles
 d - 324 arrows (quivered)
Armour
 c - a +1 leather armour of fire resistance (worn)
 j - a +1 hat of magic resistance (worn)
 t - a +1 cloak of poison resistance (worn)
 P - the +0 centaur barding of the Endless Expanse (worn) {MR- Regen+ Str-3 Dex+10}
   (Okawaru gifted it to you on level 11 of the Dungeon)

   It affects your strength (-3).
   It affects your dexterity (+10).
   It affects your resistance to hostile enchantments.
   It increases your rate of regeneration.
 R - a +0 scale mail
Jewellery
 B - an uncursed amulet of the gourmand
 I - an amulet of the acrobat (around neck)
 L - a +3 amulet of reflection {unknown}
 S - a ring of magical power (right hand)
 W - a ring of protection from magic (left hand)
 Z - an uncursed ring of ice
Wands
 r - a wand of flame (16)
 x - a wand of paralysis (11)
 V - a wand of iceblast (6)
 X - a wand of clouds (7)
 Y - a wand of enslavement (9)
Scrolls
 g - 5 scrolls of fear
 k - 4 scrolls of amnesia
 o - 2 scrolls of teleportation
 y - 2 scrolls of identify
 A - 2 scrolls of fog
 D - a scroll of summoning
 F - 4 scrolls of remove curse
 H - 4 scrolls of enchant armour
 K - 3 scrolls of blinking
 M - 2 scrolls of enchant weapon
 O - 2 scrolls of silence
 Q - a scroll of torment
 T - 2 scrolls of vulnerability
 U - a scroll of brand weapon
Potions
 e - a potion of invisibility
 h - 2 potions of berserk rage
 l - a potion of magic
 n - a potion of ambrosia
 p - 2 potions of cancellation
 q - 2 potions of brilliance
 s - 2 potions of agility
 v - 3 potions of resistance
 w - 4 potions of curing
 z - 6 potions of might
 C - 2 potions of lignification
 E - 2 potions of haste
Miscellaneous
 N - a lamp of fire
Comestibles
 f - 47 rations


   Skills:
 - Level 13.0 Fighting
 * Level 18.2 Bows
 - Level 6.0 Armour
 - Level 4.0 Dodging
 - Level 0.4 Stealth
 - Level 6.0 Spellcasting
 - Level 12.0 Hexes
 - Level 8.1 Invocations
 - Level 4.0 Evocations


You had 19 spell levels left.
You knew the following spells:

 Your Spells              Type           Power        Failure   Level  Hunger
a - Portal Projectile     Hex/Tloc       ###...       6%          3    ###....
b - Summon Lightning Spi  Summ/Air       #.......     93%         4    ####...

Your spell library contained the following spells:

 Spells                   Type           Power        Failure   Level  Hunger
 Confusing Touch          Hex            ####..       1%          1    None
 Corona                   Hex            ####...      1%          1    None
 Slow                     Hex            ####....     1%          2    ##.....
 Confuse                  Hex            ####....     1%          3    ###....
 Cause Fear               Hex            ####......   1%          4    ####...
 Dazzling Spray           Conj/Hex       ###...       6%          3    ###....
 Inner Flame              Hex/Fire       ###.....     6%          3    ###....
 Fulminant Prism          Conj/Hex       ###.......   21%         4    ####...
 Leda's Liquefaction      Hex/Erth       ###.......   21%         4    ####...
 Freeze                   Ice            #...         24%         1    None
 Magic Dart               Conj           #...         24%         1    None
 Sandblast                Erth           #.....       24%         1    None
 Shock                    Conj/Air       #...         24%         1    None
 Passwall                 Tmut/Erth      #.......     34%         2    ##.....
 Searing Ray              Conj           #.....       34%         2    ##.....
 Swiftness                Chrm/Air       #.......     34%         2    ##.....
 Throw Frost              Conj/Ice       #.....       34%         2    ##.....
 Metabolic Englaciation   Hex/Ice        ###.......   50%         5    ######.
 Silence                  Hex/Air        ###.......   50%         5    ######.
 Yara's Violent Unravell  Hex/Tmut       ###.......   50%         5    ######.
 Gell's Gravitas          Tloc           #.........   56%         3    ###....
 Ozocubu's Armour         Chrm/Ice       #.......     56%         3    ###....
 Static Discharge         Conj/Air       #.......     56%         3    ###....
 Stone Arrow              Conj/Erth      #.....       56%         3    ###....
 Airstrike                Air            #.........   93%         4    ####...
 Force Lance              Conj/Tloc      #.......     93%         4    ####...
 Iskenderun's Mystic Bla  Conj           #.......     93%         4    ####...
 Petrify                  Tmut/Erth      #.......     93%         4    ####...
 Summon Ice Beast         Ice/Summ       #.......     93%         4    ####...
 Throw Icicle             Conj/Ice       #.......     93%         4    ####...
 Irradiate                Conj/Tmut      #.........   100%        5    ######.
 Lee's Rapid Deconstruct  Erth           #.........   100%        5    ######.
 Lightning Bolt           Conj/Air       #.........   100%        5    ######.
 Conjure Ball Lightning   Conj/Air       #.........   100%        6    #######
 Deflect Missiles         Chrm/Air       #.........   100%        6    #######
 Hydra Form               Tmut           #.........   100%        6    #######
 Statue Form              Tmut/Erth      #........    100%        6    #######
 Dragon Form              Tmut           #.........   100%        7    #######
 Tornado                  Air            #.........   100%        9    #######


Dungeon Overview and Level Annotations

Branches:
Dungeon (11/15)            Temple (0/1) D:6            Lair (6/6) D:9
  Swamp (2/4) Lair:2       Spider (0/4) Lair:4        Slime (0/5) Lair:6
    Orc (2/2) D:9             Elf (0/3) Orc:2

Altars:
Ashenzari
Dithmenos
Gozag
Hepliaklqana
Kikubaaqudgha
Makhleb
Nemelex Xobeh
Okawaru
Qazlal
Trog
Vehumet
Xom
Beogh
Jiyva

Shops:
D:6 :   Orc:2 (?:[

Annotations:
D:8 2 transporters
Lair:1 1 runed translucent door
Swamp:2 exclusion: oklob sapling


Innate Abilities, Weirdness & Mutations

You have hooves in place of feet.
Armour fits poorly on your strangely shaped body.
You cover ground very quickly.
You have extremely tough skin. (AC +3)
You have a beak for a mouth.
You have a pair of small horns on your head.
You have an increased reservoir of magic. (+10% MP)
Your system is resistant to poisons. (rPois)
Your muscles are strong. (Str +2)
You expend magic power (3 MP) to strengthen your wands.


Message History

The thorn hunter is heavily damaged.
The thorn hunter fires a volley of thorns at you.
The volley of thorns misses you.
Firing (i - inventory)
d - 326 arrows (quivered)
Press: ? - help, Shift-Dir - straight line, f/p - thorn hunter
Aim: a thorn hunter (heavily damaged)
You shoot an arrow. The arrow hits the thorn hunter.
The arrow burns the thorn hunter.
The thorn hunter is heavily damaged.
The thorn hunter barely misses you.
The thorn hunter hits you but does no damage.
Firing (i - inventory)
d - 325 arrows (quivered)
Press: ? - help, Shift-Dir - straight line, f/p - thorn hunter
Aim: a thorn hunter (heavily damaged)
You shoot an arrow. The arrow hits the thorn hunter!!
The arrow burns the thorn hunter!
The thorn hunter is almost destroyed.
The thorn hunter fires a volley of thorns at you.
The volley of thorns hits you!!
You die...

......≈.≈≈≈≈≈.≈♣
≈≈≈...§.≈≈....≈♣♣♣♣
(≈...>≈≈≈≈..≈...(≈♣
.≈≈≈≈≈#.♣♣♣(..≈♣
≈♣♣.#..♣....≈♣♣
#.♣♣.≈..(♣
##.§≈♣.§≈♣
#...♣♣f.♣♣♣♣♣♣
##...@..♣♣♣≈≈♣
#....≈♣♣♣≈≈≈♣
#####.#.♣♣.§.♣
#..####.#≈≈.♣♣
#.....§...♣♣♣
##......[♣♣
##.......♣♣♣♣♣
#(.≈.♣♣..♣≈.≈♣
#...♣♣♣♣♣≈...♣


You could see a thorn hunter.

Vanquished Creatures
  2 thorn hunters (Swamp:2)
  An orc warlord (Orc:1)
  A dire elephant (Lair:6)
  Harold (Lair:1)
  4 hydras
  Fannar (Lair:1)
  2 shambling mangroves (Swamp:2)
  An ogre mage (Orc:2)
  A merfolk avatar (Lair:6)
  6 alligators
  7 two-headed ogres
  4 death yaks
  5 orc high priests (Orc:2)
  Sonja (Lair:1)
  A sea snake (Lair:6)
  Pikel (D:7)
  3 orc knights
  3 orc sorcerers
  An oklob plant (Lair:6)
  10 elephants
  An ice statue (Lair:4)
  13 spiny frogs
  A torpor snail (Lair:3)
  3 black mambas
  7 rime drakes
  5 komodo dragons
  A freezing wraith (Lair:4)
  6 polar bears
  8 tyrant leeches
  A wind drake (Lair:6)
  5 blink frogs
  3 trolls
  12 slime creatures
  4 bog bodies
  6 hornets
  Prince Ribbit (Lair:1)
  7 dream sheep (Lair:6)
  3 hippogriffs
  3 wyverns
  A spriggan (Swamp:1)
  A redback (Lair:4)
  2 vampires (D:11)
  18 yaks
  4 hogs
  2 basilisks
  A hungry ghost (D:7)
  3 vampire mosquitoes (D:11)
  2 steam dragons
  A human (D:7)
  4 wargs
  2 insubstantial wisps (Swamp:2)
  Menkaure (D:6)
  9 swamp worms
  A soldier ant (D:10)
  17 water moccasins
  11 porcupines
  2 swamp drakes (Swamp:1)
  29 orc warriors
  2 phantoms
  10 ice beasts
  A sky beast (D:11)
  A black bear (D:8)
  19 wolves
  11 ogres
  7 centaurs
  14 crocodiles
  3 big kobolds
  22 bullfrogs
  A water moccasin zombie (D:5)
  2 wyvern skeletons
  3 scorpions
  7 killer bees
  7 wights (D:6)
  2 howler monkeys
  2 electric eels (Lair:1)
  3 crimson imps
  3 centaur zombies
  3 hounds
  3 bullfrog zombies
  A jelly (D:8)
  3 centaur skeletons
  22 orc priests
  20 orc wizards
  2 bullfrog skeletons
  3 iguanas
  7 hell rats
  4 worker ants
  A statue (D:8)
  A killer bee zombie (D:7)
  A hound zombie (D:8)
  10 gnolls
  2 river rats (D:8)
  11 adders
  A shadow imp (D:7)
  A white imp (Lair:3)
  An adder zombie (D:6)
  3 adder skeletons
  3 worms
  2 dart slugs (D:1)
  8 leopard geckos
  66 orcs
  A ball python (D:6)
  10 bats
  4 giant cockroaches
  18 goblins
  7 hobgoblins
  12 jackals
  21 kobolds
  5 quokkas
  A frilled lizard (D:3)
  2 leopard gecko skeletons
  2 rats
  4 fungi
  A withered plant (D:2)
644 creatures vanquished.

Vanquished Creatures (others)
  A hornet (Swamp:2)
  2 slaves (D:7)
  A crocodile (Lair:1)
  A bullfrog (D:7)
  A killer bee (D:7)
  12 fungi
  8 plants
  7 toadstools (Lair:1)
33 creatures vanquished.

Grand Total: 677 creatures vanquished

Notes
Turn   | Place    | Note
-------+----------+-------------------------------------------
     0 | D:1      | Inkhe the Centaur Hunter began the quest for the Orb.
     0 | D:1      | Reached XP level 1. HP: 17/17 MP: 1/1
   313 | D:1      | Reached XP level 2. HP: 24/24 MP: 2/2
   323 | D:1      | Reached skill level 6 in Bows
  1165 | D:1      | Reached XP level 3. HP: 23/29 MP: 3/3
  1682 | D:2      | Noticed an orc warrior
  1722 | D:2      | Reached skill level 7 in Bows
  1957 | D:2      | Found a burning altar of Makhleb.
  2801 | D:2      | Found a hazy altar of Hepliaklqana.
  2827 | D:2      | Found a sparkling altar of Nemelex Xobeh.
  2927 | D:2      | Reached XP level 4. HP: 36/36 MP: 4/4
  3108 | D:2      | Reached skill level 8 in Bows
  3135 | D:2      | Found an ancient bone altar of Kikubaaqudgha.
  3938 | D:3      | Reached XP level 5. HP: 34/41 MP: 5/5
  4486 | D:2      | Reached skill level 9 in Bows
  4747 | D:3      | Noticed a phantom
  5038 | D:3      | Killed a phantom
  5038 | D:3      | Reached skill level 10 in Bows
  5038 | D:3      | Reached XP level 6. HP: 41/48 MP: 6/6
  5921 | D:4      | Reached XP level 7. HP: 28/55 MP: 7/7
  5939 | D:4      | Reached skill level 11 in Bows
  6268 | D:4      | Got a scorched hand axe
  6268 | D:4      | Identified the +8 hand axe of Victory {freeze, MP+9 Int+4
                  | Dex+5} (You found it on level 4 of the Dungeon)
  6389 | D:4      | Found an opulent altar of Gozag.
  6562 | D:5      | Entered Level 5 of the Dungeon
  6844 | D:5      | Reached skill level 12 in Bows
  7626 | D:6      | Reached XP level 8. HP: 41/61 MP: 8/8
  7736 | D:6      | Found an iron altar of Okawaru.
  7745 | D:6      | Noticed Menkaure
  7747 | D:6      | Killed Menkaure
  7747 | D:6      | Reached skill level 13 in Bows
  7950 | D:6      | Became a worshipper of Warmaster Okawaru
  8134 | D:6      | Found Bafeupp's Book Boutique.
  8201 | D:6      | Reached skill level 14 in Bows
  8230 | D:6      | Reached skill level 1 in Invocations
  8237 | D:6      | Found a staircase to the Ecumenical Temple.
  8283 | D:6      | Reached skill level 1 in Armour
  8522 | D:6      | Reached * piety under Okawaru
  8637 | D:6      | Reached XP level 9. HP: 40/70 MP: 11/11
  9118 | D:7      | Reached ** piety under Okawaru
  9606 | D:7      | Reached skill level 5 in Fighting
  9650 | D:7      | Noticed Pikel
  9666 | D:7      | Killed Pikel
  9666 | D:7      | Reached *** piety under Okawaru
  9666 | D:7      | Received a gift from Okawaru
  9666 | D:7      | Reached skill level 5 in Invocations
 10092 | D:7      | Reached XP level 10. HP: 51/83 MP: 14/14
 10734 | D:8      | Found a transporter.
 10736 | D:8      | Found a transporter.
 10754 | D:8      | Noticed an orc sorcerer
 10948 | D:8      | Noticed a two-headed ogre
 10976 | D:8      | Killed a two-headed ogre
 10976 | D:8      | Reached **** piety under Okawaru
 11005 | D:8      | Received a gift from Okawaru
 11016 | D:8      | Noticed a two-headed ogre
 11025 | D:8      | Killed a two-headed ogre
 11025 | D:8      | Reached skill level 1 in Evocations
 11245 | D:8      | Received a gift from Okawaru
 11754 | D:8      | Found a bloodstained altar of Trog.
 12104 | D:8      | Found a radiant altar of Vehumet.
 12208 | D:8      | Found a stormy altar of Qazlal.
 13056 | D:9      | Found a staircase to the Orcish Mines.
 13089 | D:9      | Noticed a death yak
 13089 | D:9      | Noticed a death yak
 13097 | D:9      | Noticed a death yak
 13161 | D:8      | Killed a death yak
 13239 | D:8      | Killed a death yak
 13239 | D:8      | Received a gift from Okawaru
 13239 | D:8      | Reached skill level 5 in Armour
 13239 | D:8      | Reached XP level 11. HP: 71/92 MP: 16/17
 13562 | D:8      | Killed a death yak
 13914 | D:9      | Found a staircase to the Lair.
 13986 | D:9      | Received a gift from Okawaru
 14145 | D:9      | Found a burning altar of Makhleb.
 14147 | D:9      | Found a shimmering altar of Xom.
 14147 | D:9      | Found a basalt altar of Yredelemnul.
 14149 | D:9      | Found a bloodstained altar of Trog.
 14149 | D:9      | Found a bloodstained altar of Trog.
 14149 | D:9      | Found a shimmering altar of Xom.
 14213 | D:9      | Found a shadowy altar of Dithmenos.
 14214 | D:9      | Found a shattered altar of Ashenzari.
 14556 | D:9      | Gained mutation: You are frail. (-10% HP) [potion of
                  | mutation]
 14556 | D:9      | Gained mutation: You have an increased reservoir of magic.
                  | (+10% MP) [potion of mutation]
 14556 | D:9      | Gained mutation: You possess an exceptional clarity of
                  | mind. [potion of mutation]
 14556 | D:9      | Gained mutation: You have a beak for a mouth. [potion of
                  | mutation]
 14563 | D:9      | Lost mutation: You are frail. (-10% HP) [potion of
                  | mutation]
 14563 | D:9      | Lost mutation: You possess an exceptional clarity of mind.
                  | [potion of mutation]
 14563 | D:9      | Gained mutation: You have a pair of small horns on your
                  | head. [potion of mutation]
 14563 | D:9      | Gained mutation: You expend magic power (3 MP) to
                  | strengthen your wands. [potion of mutation]
 14563 | D:9      | Gained mutation: Your muscles are strong. (Str +2) [potion
                  | of mutation]
 14563 | D:9      | Gained mutation: Your system is resistant to poisons.
                  | (rPois) [potion of mutation]
 14724 | D:8      | Learned a level 3 spell: Portal Projectile
 14789 | D:10     | Entered Level 10 of the Dungeon
 15140 | D:9      | Reached skill level 1 in Hexes
 15257 | D:10     | Reached ***** piety under Okawaru
 15546 | D:10     | Received a gift from Okawaru
 15785 | D:10     | Noticed a two-headed ogre
 15829 | D:10     | Killed a two-headed ogre
 16421 | D:11     | Received a gift from Okawaru
 16643 | D:11     | Got a scorched centaur barding {god gift}
 16648 | D:11     | Identified the +0 centaur barding of the Endless Expanse
                  | {MR- Regen+ Str-3 Dex+10} (Okawaru gifted it to you on
                  | level 11 of the Dungeon)
 17395 | D:11     | Reached skill level 5 in Hexes
 17588 | D:11     | Found the +12 Vampire's Tooth {vamp}
 17803 | Lair:1   | Entered Level 1 of the Lair of Beasts
 17852 | Lair:1   | Noticed Sonja
 17863 | Lair:1   | Killed Sonja
 17901 | Lair:1   | Reached skill level 1 in Spellcasting
 17939 | Lair:1   | Noticed Harold
 17954 | Lair:1   | Killed Harold
 17954 | Lair:1   | Reached XP level 12. HP: 44/101 MP: 19/19
 18121 | Lair:1   | Noticed Prince Ribbit
 18129 | Lair:1   | Killed Prince Ribbit
 18296 | Lair:1   | Noticed Fannar
 18339 | Lair:1   | Killed Fannar
 18768 | Lair:1   | Noticed an eight-headed hydra
 18800 | Lair:1   | Killed an eight-headed hydra
 19113 | Lair:1   | HP: 5/103 [poisoned by a spiny frog]
 19118 | Lair:1   | HP: 3/103 [poisoned by a spiny frog]
 19123 | Lair:1   | HP: 2/103 [poisoned by a spiny frog]
 19129 | Lair:1   | HP: 2/103 [poisoned by a spiny frog]
 19134 | Lair:1   | HP: 3/103 [poisoned by a spiny frog]
 19378 | Lair:1   | Noticed a dire elephant
 19400 | Lair:1   | Found a runed translucent door.
 19861 | Lair:2   | Received a gift from Okawaru
 20397 | Lair:2   | Found a staircase to the Swamp.
 21198 | Lair:3   | Reached skill level 5 in Spellcasting
 21267 | Lair:3   | Noticed an eight-headed hydra
 21330 | Lair:3   | Killed an eight-headed hydra
 21330 | Lair:3   | Reached skill level 10 in Fighting
 21657 | Lair:3   | Noticed a death yak
 21726 | Lair:3   | Killed a death yak
 21966 | Lair:3   | Noticed a six-headed hydra
 21991 | Lair:3   | Killed a six-headed hydra
 22301 | Lair:3   | Identified a scroll of acquirement
 22363 | Lair:3   | Reached XP level 13. HP: 81/114 MP: 24/24
 23914 | Lair:4   | Found a hole to the Spider Nest.
 24342 | Lair:4   | Reached XP level 14. HP: 125/125 MP: 25/25
 25144 | Lair:5   | Reached skill level 10 in Hexes
 25149 | Lair:5   | Received a gift from Okawaru
 25907 | Lair:5   | Received a gift from Okawaru
 26310 | Lair:6   | Entered Level 6 of the Lair of Beasts
 26546 | Lair:6   | Received a gift from Okawaru
 26750 | Lair:6   | Learned a level 4 spell: Summon Lightning Spire
 26893 | Lair:6   | Received a gift from Okawaru
 27648 | Lair:6   | Found a staircase to the Slime Pits.
 27648 | Lair:6   | Found a viscous altar of Jiyva.
 27741 | Lair:6   | Received a gift from Okawaru
 27835 | Lair:6   | Reached skill level 15 in Bows
 28297 | Orc:1    | Entered Level 1 of the Orcish Mines
 28861 | Orc:1    | Reached ****** piety under Okawaru
 28884 | Orc:1    | Noticed an orc warlord
 28889 | Orc:1    | Killed an orc warlord
 28889 | Orc:1    | Reached XP level 15. HP: 133/133 MP: 26/26
 29009 | Orc:1    | Received a gift from Okawaru
 29293 | Orc:2    | Entered Level 2 of the Orcish Mines
 29595 | Orc:2    | Received a gift from Okawaru
 29644 | Orc:2    | Reached skill level 16 in Bows
 29694 | Orc:2    | Found a roughly hewn altar of Beogh.
 29977 | Orc:2    | Found Ihuox's Antique Weapon Emporium.
 29977 | Orc:2    | Found Paycir's Antique Armour Shoppe.
 29977 | Orc:2    | Found Wiaracog's Book Shoppe.
 29980 | Orc:2    | Found Iskok's Magic Scroll Emporium.
 30009 | Orc:2    | Bought a glowing leather armour for 145 gold pieces
 30041 | Orc:2    | Bought an encrusted great sword for 333 gold pieces
 30041 | Orc:2    | Identified the cursed +1 great sword of Capital Punishment
                  | {speed, Str+5} (You bought it in a shop on level 2 of the
                  | Orcish Mines)
 30046 | Orc:2    | Bought a crude quarterstaff for 261 gold pieces
 30048 | Orc:2    | Identified the +5 quarterstaff "Sosusen" {crush, rElec rF+
                  | Int+3} (You bought it in a shop on level 2 of the Orcish
                  | Mines)
 30075 | Orc:2    | Found a staircase to the Elven Halls.
 30367 | Orc:2    | Received a gift from Okawaru
 30876 | Swamp:1  | Entered Level 1 of the Swamp
 31292 | Swamp:1  | Reached skill level 17 in Bows
 32357 | Swamp:2  | Noticed a thorn hunter
 32358 | Swamp:2  | Noticed a thorn hunter
 32365 | Swamp:2  | Killed a thorn hunter
 32365 | Swamp:2  | Reached skill level 18 in Bows
 32369 | Swamp:2  | Killed a thorn hunter
 32444 | Swamp:2  | Noticed a thorn hunter
 32453 | Swamp:2  | Killed from afar by a thorn hunter

Levels and vault maps discovered:
D:1:      dpeg_arrival_yet_another_circle, layout_basic
D:2:      layout_basic, overflow_temple_1_default, kiku_gazebo_garden_becter,
          lemuel_crystal_altar, overflow_temple_1_default, first_ration,
          roderic_serpentine_path, lightli_corner_chamber
D:3:      layout_rooms, minmay_misc_feat_secret_circle, minmay_ogre_servants
D:4:      layout_cave_pools, nicolae_gozag_cash_rules_everything_around_me
D:5:      layout_gridville
D:6:      layout_basic, okawaru_ov_weapons_minmay,
          minmay_temple_entry_sparse_star, serial_shops,
          nicolae_shop_waterfront, uniq_menkaure
D:7:      layout_basic, grunt_livestock, uniq_pikel
D:8:      gammafunk_wand_slinger, layout_basic, kennysheep_little_box,
          vehumet_statue, lemuel_round_altar
D:9:      layout_roguey, doesnt_xom_only_xom, gammafunk_temple_overflow_statue,
          dpeg_lair_monsters, david_orc_4, nicolae_zen_rock_garden
D:10:     layout_rooms, st_stairs_6
D:11:     layout_stronghold, minmay_guarded_unrand_vampires_tooth
Lair:1:   gammafunk_lair_enchanted_lake, layout_gridlike, pond,
          uniq_prince_ribbit2, uniq_harold, uniq_fannar, uniq_sonja
Lair:2:   layout_layer_cave, skrybe_swamp_entry_bodies, lemuel_fruit_tree
Lair:3:   layout_chaotic_city
Lair:4:   layout_roguey, spider_nest_entry_webs, minivault_27, ice2_lemuel
Lair:5:   cheibrodos_lair_river_kwai, layout_hall_layers
Lair:6:   gammafunk_lair_ancient_temple, layout_cave_shapes, slime_altar_1,
          minmay_lair_oklob_bushes, lemuel_old_faithful,
          infiniplex_staircase_pool_2
Swamp:1:  layout_falls_marsh, evilmike_swamp_ruin_rubble_1
Swamp:2:  nicolae_swamp_phyte_club, layout_basic_swamp, evilmike_swamp_ruin_wall
Orc:1:    nicolae_orc_accident_3, layout_caves
Orc:2:    st_orc_mages, layout_caves, kennysheep_orc_chapel

Skill      XL: |  1  2  3  4  5  6  7  8  9 10 11 12 13 14 15 |
---------------+----------------------------------------------+-----
Bows           | 6 7 8 10 12 14 15 18 | 18.2
Invocations    | 3 6 8 |  8.1
Armour         | 2 4 5 6 |  6.0
Fighting       | 3 6 7 8 10 11 12 13 | 13.0
Dodging        | 3 4 |  4.0
Evocations     | 3 4 |  4.0
Hexes          | 6 7 9 11 12 | 12.0
Spellcasting   | 2 5 6 |  6.0
Stealth        | |  0.4

Action                   |  1- 3 |  4- 6 |  7- 9 | 10-12 | 13-15 || total
-------------------------+-------+-------+-------+-------+-------++-------
Melee: Short sword       |   124 |    17 |       |       |       ||   141
       Kick              |    19 |    42 |    57 |   192 |   195 ||   505
       Halberd           |       |     9 |       |       |       ||     9
       Flail             |       |   141 |    15 |       |       ||   156
       Hand axe          |       |       |   160 |   474 |   351 ||   985
       Peck              |       |       |       |   110 |   116 ||   226
       Headbutt          |       |       |       |    88 |   118 ||   206
       Punch             |       |       |       |     1 |     1 ||     2
       Great sword       |       |       |       |       |     5 ||     5
 Fire: Shortbow          |    12 |    36 |    74 |   493 |   140 ||   755
       Longbow           |       |       |       |       |   522 ||   522
 Cast: Portal Projectile |       |       |       |       |     5 ||     5
Invok: Heroism           |       |       |       |     7 |     1 ||     8
       Finesse           |       |       |       |     1 |       ||     1
Evoke: Wand              |       |       |     5 |     2 |       ||     7
  Use: Scroll            |       |     7 |     5 |    13 |    21 ||    46
       Potion            |       |       |       |    10 |     8 ||    18
 Stab: Paralysed         |       |       |       |     9 |       ||     9
       Distracted        |       |       |       |     1 |       ||     1
       Sleeping          |       |       |       |     1 |       ||     1
  Eat: Chunk             |     5 |     8 |    12 |    22 |    26 ||    73
       Ration            |       |       |       |     3 |       ||     3
Armor: Leather armour    |    34 |    60 |    67 |    54 |    17 ||   232
       Plate armour      |       |       |       |    97 |       ||    97
       Robe              |       |       |       |    30 |       ||    30
       Chain mail        |       |       |       |   120 |   367 ||   487
       Scale mail        |       |       |       |       |    46 ||    46
Dodge: Dodged            |    58 |    97 |    95 |   275 |   252 ||   777
